 Dungeon Crawl Stone Soup version 0.17-a0-435-gc4df345 (webtiles) character file.

28 krae the Slasher (level 3, 0/27 HPs)
             Began as a Demonspawn Gladiator on Apr 4, 2015.
             Slain by an orc
             ... wielding a +0 whip
              (1 damage)
             ... on level 3 of the Dungeon.
             The game lasted 00:03:02 (648 turns).

krae the Slasher (Demonspawn Gladiator)              Turns: 648, Time: 00:03:03

Health: 0/27       AC:  4    Str: 15    XL:     3   Next: 0%
Magic:  3/3        EV: 12    Int:  9    God:
Gold:   79         SH:  0    Dex: 14    Spells: 0 memorised, 2 levels left

rFire  . . .     SeeInvis .     a - +0 long sword
rCold  . . .     Clarity  .     b - +0 leather armour
rNeg   . . .     SustAb   .     (no shield)
rPois  .         Gourm    .     c - +0 helmet
rElec  .         Spirit   .     (no cloak)
rCorr  .         Warding  .     (no gloves)
rMut   .         Stasis   .     (no boots)
MR     .....                    (no amulet)
Stlth  +.........               (no ring)
                                (no ring)

@: not resistant to hostile enchantments, very unstealthy
A: claws 1, powered by pain 1
a: no special abilities


You were on level 3 of the Dungeon.
You were not hungry.

You visited 1 branch of the dungeon, and saw 3 of its levels.

You collected 79 gold pieces.


Innate Abilities, Weirdness & Mutations

You have sharp fingernails.
You sometimes gain a little power by taking damage.


   Skills:
 - Level 2.0 Fighting
 + Level 3.8 Long Blades
 - Level 1.7 Throwing
 - Level 2.6 Dodging


You had 2 spell levels left.
You didn't know any spells.

Inventory:

Hand weapons
 a - a +0 long sword (weapon)
Missiles
 d - 3 throwing nets (quivered) {=f}
Armour
 b - a +0 leather armour (worn)
 c - a +0 helmet (worn)
Magical devices
 l - a wand of frost (13)
Scrolls
 i - 2 scrolls of teleportation {unknown}
 j - a scroll of enchant weapon {unknown}
 k - a scroll of immolation {unknown}
Potions
 e - 2 potions of curing {unknown}
 g - a potion of resistance {unknown}
 m - a potion of degeneration {unknown}
 n - a potion of agility {unknown}
Comestibles
 f - 3 bread rations
 h - a chunk of flesh

Dungeon Overview and Level Annotations

Branches:
Dungeon (3/15)

Altars:
Sif Muna

### ### #.. ..#
#.#####.# ###...
...# ....# #..####
#oo# #.....##
#6o###..#...#
#o....w.#...#
######......#
#.###..# #.###..#
#### #.##...###...
#.##w........ £
#.##.#.###...
.....##......######


You could see a worm, an orc priest and 3 orcs.


Message History

2 orcs come into view.
An orc priest comes into view. It is wielding a flail.
The orc priest shouts!
You hear a shout!
The orc closely misses you. The orc hits you but does no damage.
The orc priest hits you with a flail. The orc misses you.
Unknown command.
Unknown command.
You slash the orc priest!
The orc priest is heavily wounded.
The orc closely misses you. The orc hits you with a whip.
The orc priest hits you but does no damage.
The orc completely misses you. The orc hits you with a dagger.
You barely miss the orc priest.
The orc priest is heavily wounded.
The orc misses you. The orc hits you but does no damage.
The orc hits you with a flail. The orc priest misses you.
You barely miss the orc priest.
The orc priest is heavily wounded.
The orc hits you with a whip. The orc hits you but does no damage.
The orc priest hits you with a flail!
* * * LOW HITPOINT WARNING * * *
The orc hits you with a flail.
* * * LOW HITPOINT WARNING * * *
The orc closely misses you.
Unknown command.
You barely miss the orc priest.
The orc priest is heavily wounded.
The orc hits you but does no damage. The orc hits you with a whip.
You die...

Action                   || total
-------------------------++-------
Melee: Long sword        ||    59
  Use: Scroll            ||     1

Vault maps used:
D:1:      minmay_arrival_open_corners
D:2:      grunt_temple_overflow_order_and_chaos_2, lemuel_blue_sif_altar,
          first_bread, kennysheep_nub, uniq_natasha
D:3:      gammafunk_temple_overflow_wave, portal_sewer_entry_f,
          minmay_fountain_box, minmay_goblin_kobold_house

Notes
Turn   | Place    | Note
--------------------------------------------------------------
     0 | D:1      | krae, the Demonspawn Gladiator, began the quest for the Orb.
     0 | D:1      | Reached XP level 1. HP: 16/16 MP: 1/1
    86 | D:1      | Reached skill level 3 in Long Blades
   284 | D:1      | Gained mutation: You have sharp fingernails. [demonic ancestry]
   284 | D:1      | Reached XP level 2. HP: 12/22 MP: 2/2
   391 | D:2      | Found a deep blue altar of Sif Muna.
   629 | D:3      | Gained mutation: You sometimes gain a little power by taking damage. [demonic ancestry]
   629 | D:3      | Reached XP level 3. HP: 27/27 MP: 3/3
   647 | D:3      | HP: 1/27 [orc/flail (4)]
   648 | D:3      | Slain by an orc

Vanquished Creatures
  A giant mite (D:1)
  5 bats
  3 giant cockroaches
  2 goblins (D:2)
  2 hobgoblins
  A kobold (D:2)
  A giant gecko (D:1)
  4 giant newts
  3 rats
22 creatures vanquished.
